 Dungeon Crawl Stone Soup version 0.30-a0-1160-g6e42c06551 (webtiles) character file.

Game seed: 7724353345538450675

90 CoinPitGoblin the Magician (level 4, -5/31 HPs)
             Began as a Demonspawn Fire Elementalist on Apr 26, 2023.
             Slain by a gnoll
             ... wielding a +0 whip
              (9 damage)
             ... on level 2 of the Dungeon.
             The game lasted 00:05:31 (2406 turns).

CoinPitGoblin the Magician (DsFE)                   Turns: 2406, Time: 00:05:32

Health: -5/31      AC:  3    Str:  9    XL:     4   Next: 32%
Magic:  3/9        EV: 12    Int: 18    God:
Gold:   110        SH:  0    Dex: 13    Spells: 6/10 levels left

rFire   . . .        i - +0 rapier
rCold   . . .        (no shield)
rNeg    . . .        a - +0 robe
rPois   .            (no helmet)
rElec   .            (no cloak)
rCorr   .            (no gloves)
SInv    .            (no boots)
Will    .....        (no amulet)
Stlth   ++           (no ring)
HPRegen 0.25/turn    (no ring)
MPRegen 0.11/turn

%: no passive effects
@: no status effects
A: claws 1, rugged brown scales 1
a: no special abilities


You were on level 2 of the Dungeon.
You visited 1 branch of the dungeon, and saw 4 of its levels.

You collected 110 gold pieces.

Inventory:

Hand Weapons
 d - a +0 short sword
 g - a +1 dagger of venom
 i - a +0 rapier (weapon)
Armour
 a - a +0 robe (worn)
 c - a +2 buckler
Scrolls
 f - a scroll of identify
 h - a scroll of enchant armour {unknown}
 j - a scroll of teleportation {unknown}
 k - a scroll of fog {unknown}
Potions
 b - a potion of magic


   Skills:
 + Level 0.7 Fighting
 + Level 2.3 Dodging
 - Level 1.7 Stealth
 + Level 3.7 Spellcasting
 - Level 1.0 Conjurations
 * Level 0.6 Hexes
 - Level 2.6 Fire Magic


You had 6 spell levels left.
You knew the following spells:

 Your Spells              Type           Power      Damage    Failure   Level
a - Foxfire               Conj/Fire      36%        2x1d5     7%          1
b - Inner Flame           Hex/Fire       9%         N/A       22%         3

Your spell library contained the following spells:

 Spells                   Type           Power      Damage    Failure   Level
 Scorch                   Fire           26%        2d6       8%          2
 Summon Small Mammal      Summ           12%        N/A       16%         1
 Volatile Blastmotes      Fire/Tloc      16%        2d11      26%         3
 Summon Guardian Golem    Hex/Summ       4%         N/A       36%         3
 Call Canine Familiar     Summ           3%         N/A       41%         3
 Flame Wave               Conj/Fire      9%         2d6       56%         4


Dungeon Overview and Level Annotations

Branches:
Dungeon (4/15)
 Temple: D:4-7

Altars:
Wu Jian


Innate Abilities, Weirdness & Mutations

You have sharp fingernails.
You are partially covered in rugged brown scales. (AC +1, +3% HP)


Message History

The foxfire hits the gnoll but does no damage.
The gnoll is lightly wounded.
The foxfire hits the gnoll.
The gnoll is moderately wounded.
The gnoll closely misses you.
You conjure some foxfire!
The foxfire hits the gnoll.
The gnoll is lightly wounded.
The gnoll hits you with a +0 hand axe.
The gnoll hits your foxfire with a +0 hand axe.
The gnoll hits you with a +0 whip.
You are too injured to fight recklessly!
You are too injured to fight recklessly!
You are too injured to fight recklessly!
Unknown command.
You are too injured to fight recklessly!
Casting: Foxfire (safe; 7% risk of failure)
Press: ? - help, Q - select action Dir - look around, f - activate You conjure some foxfire!
The foxfire hits the gnoll but does no damage.
The gnoll is moderately wounded.
The foxfire hits the gnoll.
The gnoll is heavily wounded.
The gnoll closely misses you. The gnoll hits you with a +0 whip.
Casting: Foxfire (safe; 7% risk of failure)
Press: ? - help, Q - select action Dir - look around, f - activate You conjure some foxfire!
The foxfire hits the gnoll.
The gnoll is moderately wounded.
The gnoll closely misses you. The gnoll barely misses your foxfire.
The gnoll hits you with a +0 whip!
* * * LOW HITPOINT WARNING * * *
As you read the scroll of fear, it crumbles to dust.
You assume a fearsome visage.
The gnoll looks frightened! x2
The foxfire hits the gnoll.
The gnoll is severely wounded.
Your attack snaps the gnoll out of its fear.
The foxfire hits the gnoll.
The gnoll is severely wounded.
The gnoll hits you with a +0 whip!
You die...

.....' ..#
#.....#.#......#.#
.....#.
#.....#.#......#.#
.....##
#.....#.########.#
.....# #.......# #.#
..... #.......# #.#
..... #.......# #.#
###..g....########.#
..#g.(..........##.#
#.#@............##.#
#.#ยงยง...........'..#
#.#.............####
#...............+...
##..............####
###............#
#.#########'## #..#
#.# ##.########.# ##


You could see 2 gnolls.

Vanquished Creatures
  3 adders
  A dart slug (D:1)
  An orc (D:3)
  5 endoplasms
  4 giant cockroaches
  4 goblins
  4 hobgoblins
  3 jackals (D:2)
  11 kobolds
  3 quokkas
  A ball python (D:1)
  7 bats
  4 frilled lizards
  4 rats
55 creatures vanquished.

Vanquished Creatures (others)
  199 foxfires
199 creatures vanquished.

Grand Total: 254 creatures vanquished

Notes
Turn   | Place    | Note
-------+----------+-------------------------------------------
     0 | D:1      | CoinPitGoblin the Demonspawn Fire Elementalist began the
                  | quest for the Orb.
     0 | D:1      | Reached XP level 1. HP: 13/13 MP: 3/3
   169 | D:1      | Gained mutation: You are partially covered in rugged brown
                  | scales. (AC +1, +3% HP) [demonic ancestry]
   169 | D:1      | Reached XP level 2. HP: 13/19 MP: 0/5
   817 | D:1      | Reached skill level 3 in Spellcasting
   842 | D:1      | Reached XP level 3. HP: 23/24 MP: 7/7
  1459 | D:2      | Learned a level 3 spell: Inner Flame
  1561 | D:2      | You fall into a shaft and drop 2 floors!
  1673 | D:3      | Gained mutation: You have sharp fingernails. [demonic
                  | ancestry]
  1673 | D:3      | Reached XP level 4. HP: 24/31 MP: 5/9
  1676 | D:3      | Found a faded altar of an unknown god.
  1825 | D:3      | Found an ornate altar of the Wu Jian Council.
  2406 | D:2      | Slain by a gnoll

Illustrated notes

Levels and vault maps discovered:
D:1:      dpeg_arrival_court, layout_rooms, st_stairs_5
D:2:      layout_basic
D:3:      layout_loops_ring, lemuel_crystal_altar,
          shapermc_ecumenical_altar_starsandcircs
D:4:      layout_loops_ring, chequers_serial_rivers_small_a,
          minmay_misc_feat_square, uniq_blork_the_orc, uniq_edmund

Skill      XL: |  1  2 |
---------------+-------+-----
Dodging        | 2 |  2.3
Spellcasting   | 3 |  3.7
Fighting       | |  0.7
Stealth        | |  1.7
Conjurations   | |  1.0
Hexes          | |  0.6
Fire Magic     | |  2.6

Action                     |  1- 3 |  4- 6 || total
---------------------------+-------+-------++-------
  Melee: Short sword       |    17 |       ||    17
         Rapier            |    21 |     9 ||    30
   Cast: Foxfire           |    86 |    30 ||   116
    Use: Scroll            |     4 |     2 ||     6
         Potion            |     1 |       ||     1
   Stab: Sleeping          |       |     1 ||     1
 Armour: Robe              |    13 |     3 ||    16
  Dodge: Dodged            |    50 |    10 ||    60

Table legend: (Time is in decaauts)
 A = Elapsed time spent in this place.
 B = Non-inter-level travel time spent in this place.
 C = Inter-level travel time spent in this place.
 D = Time resting spent in this place.
 E = Time spent auto-exploring this place.
 F = Levels seen in this place.
 G = Mean time per level.
                   A        B        C        D        E       F      G
               +--------+--------+--------+--------+--------+-----+--------+
         Total |   2410 |   2380 |     30 |    149 |   1795 |   4 |  602.5 |
       Dungeon |   2410 |   2380 |     30 |    149 |   1795 |   4 |  602.5 |
               +--------+--------+--------+--------+--------+-----+--------+

Top non-repeatable levels by time:
     D:2: 1124 daAuts
     D:1: 1017 daAuts
     D:3: 164 daAuts
     D:4: 103 daAuts
